Map: Nightshade LE

Players

IKOSHY

  • Race: Terran Terran
  • Spawn Location: 11:00

Ratl - Winner!

  • Race: Protoss Protoss
  • League: Silver
  • Spawn Location: 5:00

VOD

Have the link to the VOD?

Description

Time

  • Played on: Feb. 13, 2020, 9:13 a.m.
  • Length: 19:18
Show
View Real Time Build Order
Export as new Build Order

IKOSHY Terran 

Build Orders:  

Get SALT Encoding   

  12  0:01  SCV  
  13  0:13  SCV  
  14  0:21  Supply Depot  
  14  0:25  SCV  
  15  0:42  Refinery  
  15  0:43  SCV  
  16  0:57  SCV  
  16  1:03  Barracks  
  17  1:05  Engineering Bay  
  17  1:09  SCV  
  18  1:21  SCV  
  19  1:33  SCV, Supply Depot  
  20  1:47  SCV  
  20  1:49  Terran Infantry Armor Level 1  
  20  1:52  Barracks  
  21  1:55  Marine  
  21  1:59  SCV  
  23  2:02  Supply Depot  
  23  2:20  Marine  
  24  2:26  Supply Depot  
  24  2:30  Refinery  
  24  2:31  Orbital Command  
  24  2:45  Missile Turret  
  24  2:55  Missile Turret  
  24  2:56  Barracks Tech Lab  
  24  2:58  Barracks Tech Lab  
  24  3:10  Factory  
  24  3:11  SCV  
  25  3:15  Missile Turret  
  25  3:20  Combat Shield  
  25  3:23  SCV  
  25  3:24  Concussive Shells  
  26  3:29  Marauder  
  26  3:30  Marine  
  29  3:44  SCV, Ghost Academy  
  30  3:54  Marauder  
  30  3:55  Marauder  
  34  4:08  Factory Tech Lab  
  34  4:14  Marine  
  34  4:15  Marine  
  36  4:19  Supply Depot  
  36  4:20  Stimpack  
  36  4:32  Marine  
  36  4:33  Marine  
  38  4:44  Command Center  
  38  4:49  Siege Tank  
  41  4:57  Ghost  
  43  5:02  Marauder  
  45  5:23  Marine  
  46  5:32  Nuke  
  46  5:39  Marauder  
  46  5:41  Marauder  
  50  5:58  Siege Tank  
  50  6:00  Marine  
  50  6:02  Marine  
  55  6:06  SCV, Supply Depot  
  56  6:12  SCV  
  56  6:18  SCV, Marauder  
  59  6:21  Marauder  
  59  6:24  SCV  
  63  6:39  Marine  
  64  6:41  Marine  
  65  6:57  Marine  
  65  6:59  Marine  
  67  7:01  Terran Infantry Weapons Level 1, Armory  
  67  7:15  Marauder  
  69  7:18  Marauder  
  71  7:23  Starport  
  71  7:24  SCV  
  71  7:28  Refinery  
  71  7:29  Refinery  
  72  7:36  SCV, Marine  
  74  7:39  Marauder  
  76  7:48  SCV  
  77  7:54  Marine, Engineering Bay  
  78  8:01  Supply Depot  
  78  8:17  Personal Cloaking  
  78  8:18  Marine, SCV, Medivac  
  82  8:22  Thor  
  88  8:30  SCV  
  89  8:42  SCV  
  89  8:43  Marauder x2  
  94  8:58  Supply Depot  
  94  9:00  Supply Depot  
  94  9:02  Supply Depot  
  94  9:21  Supply Depot  
  70  9:55  Marauder  
  70  9:56  Marauder  
  74  10:00  Thor  
  74  10:03  Supply Depot x2  
  80  10:16  Ghost  
  80  10:17  Marauder  
  84  10:37  Ghost  
  47  11:27  Marauder x2  
  47  11:30  SCV  
  48  11:33  Nuke  
  48  11:41  Siege Tank  
  48  11:42  SCV  
  48  11:44  Terran Infantry Weapons Level 2  
  48  11:45  Terran Infantry Armor Level 2  
  52  11:48  Marauder x2  
  56  11:54  SCV  
  57  12:06  SCV, Command Center  
  58  12:09  Marauder  
  58  12:10  Marauder  
  58  12:13  Siege Tank  
  65  12:18  SCV  
  66  12:30  Starport Tech Lab  
  66  12:31  Marauder x2  
  66  12:33  Terran Vehicle And Ship Armor Level 1  
  70  12:40  SCV  
  71  12:51  Thor  
  77  12:52  Marauder x2  
  77  12:55  Enhanced Shockwaves  
  81  13:06  SCV  
  82  13:13  Marauder  
  82  13:14  Marauder  
  86  13:24  Medivac  
  88  13:30  Cloaking Field  
  88  13:34  Ghost  
  88  13:35  Marauder  
  92  13:53  SCV  
  92  13:54  Medivac  
  95  13:56  Marauder  
  95  13:57  Missile Turret  
  97  14:03  Marauder  
  97  14:05  SCV  
  100  14:17  SCV  
  100  14:18  Marauder  
  100  14:23  Thor  
  109  14:24  Marine  
  109  14:29  SCV  
  111  14:39  Marine  
  111  14:41  SCV  
  111  14:42  Marine  
  114  14:50  Barracks  
  114  14:55  Barracks  
  114  14:56  Barracks  
  114  14:57  Marine, Barracks  
  115  15:00  Marine  
  115  15:06  Siege Tank  
  69  15:38  Siege Tank  
  72  15:43  Barracks Tech Lab x3  
  72  15:44  Barracks Tech Lab  
  72  15:57  SCV  
  71  16:05  Marauder x3  
  71  16:06  Marauder x2  
  71  16:09  SCV  
  71  16:10  Terran Infantry Weapons Level 3  
  84  16:11  Terran Infantry Armor Level 3  
  84  16:15  Terran Vehicle And Ship Armor Level 2  
  84  16:19  Ghost  
  84  16:21  SCV  
  85  16:26  Marauder  
  85  16:27  Marauder x4  
  85  16:30  Refinery  
  95  16:33  SCV, Refinery  
  96  16:42  Command Center  
  96  16:45  SCV  
  97  16:48  Thor, Ghost, Marauder x4  
  97  16:51  Banshee  
  116  17:16  Ghost  
  118  17:34  Banshee  
  113  18:03  Marauder x2  
  113  18:04  Marauder x4  
  125  18:17  Banshee  
  108  18:25  Marauder x3  
Show
View Real Time Build Order
Export as new Build Order

Ratl Protoss - Winner!

Build Orders: 1 Gate Expand 

Get SALT Encoding   

  12  0:01  Probe  
  13  0:14  Probe  
  14  0:19  Pylon  
  14  0:26  Probe  
  15  0:37  Gateway  
  15  0:38  Probe  
  16  0:50  Probe (Chrono Boost)  
  17  1:02  Probe (Chrono Boost)  
  18  1:08  Probe (Chrono Boost)  
  19  1:16  Probe  
  20  1:24  Nexus  
  19  1:28  Probe  
  20  1:39  Gateway  
  20  1:40  Probe (Chrono Boost)  
  20  1:43  Assimilator  
  21  1:50  Probe (Chrono Boost)  
  22  1:55  Probe (Chrono Boost)  
  22  1:56  Cybernetics Core  
  23  2:11  Pylon  
  23  2:20  Pylon  
  23  2:29  Probe  
  24  2:32  Stalker  
  26  2:38  Probe, Assimilator  
  26  2:41  Probe  
  28  2:46  Warp Gate  
  28  2:50  Probe (Chrono Boost)  
  29  2:57  Probe (Chrono Boost)  
  30  3:02  Probe (Chrono Boost)  
  30  3:03  Stalker  
  34  3:08  Probe x2 (Chrono Boost)  
  35  3:15  Pylon  
  35  3:17  Probe (Chrono Boost)  
  37  3:21  Probe (Chrono Boost)  
  38  3:28  Probe (Chrono Boost)  
  38  3:29  Robotics Facility  
  38  3:31  Probe (Chrono Boost)  
  38  3:33  Probe (Chrono Boost)  
  39  3:36  Stalker  
  39  3:40  Stalker  
  39  3:41  Probe  
  45  3:43  Probe  
  46  3:53  Probe  
  47  3:55  Probe  
  47  3:59  Nexus  
  48  4:05  Probe, Pylon  
  48  4:08  Probe  
  50  4:10  Assimilator  
  50  4:13  Assimilator  
  50  4:17  Probe  
  50  4:20  Probe  
  52  4:29  Probe  
  53  4:32  Probe, Observer  
  55  4:41  Probe  
  55  4:45  Probe (Chrono Boost)  
  57  4:47  Stalker  
  57  4:48  Stalker  
  61  4:53  Probe (Chrono Boost), Immortal (Chrono Boost)  
  67  5:02  Probe (Chrono Boost)  
  67  5:03  Probe (Chrono Boost)  
  68  5:07  Twilight Council  
  68  5:08  Probe  
  68  5:12  Gateway  
  69  5:19  Forge  
  69  5:21  Forge x2  
  69  5:27  Probe x3 (Chrono Boost)  
  69  5:28  Stalker x2  
  76  5:31  Immortal (Chrono Boost)  
  76  5:34  Probe (Chrono Boost)  
  83  5:36  Probe x2 (Chrono Boost)  
  83  5:41  Probe  
  84  5:46  Probe  
  84  5:48  Templar Archives  
  85  6:02  Assimilator  
  85  6:03  Pylon, Assimilator  
  85  6:07  Protoss Ground Weapons Level 1 (Chrono Boost), Protoss Ground Armor Level 1 (Chrono Boost), Protoss Shields Level 1 (Chrono Boost)  
  85  6:11  Pylon  
  85  6:13  Pylon  
  85  6:17  Pylon  
  85  6:19  Pylon  
  85  6:20  Pylon  
  85  6:21  Probe (Chrono Boost), Pylon  
  88  6:26  Probe x2 (Chrono Boost)  
  88  6:30  Probe (Chrono Boost)  
  89  6:34  Probe x2 (Chrono Boost)  
  89  6:35  Probe (Chrono Boost)  
  89  6:36  Stalker  
  89  6:37  Stalker x2  
  98  6:48  Probe x3  
  101  6:59  Immortal (Chrono Boost), Templar Archives  
  101  7:00  Probe x3, Nexus  
  108  7:12  Probe x3  
  111  7:24  Probe x3  
  114  7:36  Probe x3, Stalker x2  
  121  7:39  Immortal  
  125  7:48  Probe x2  
  125  7:51  Photon Cannon  
  127  7:56  Photon Cannon  
  127  7:57  Photon Cannon  
  127  7:58  Photon Cannon  
  127  8:00  Photon Cannon  
  127  8:01  Photon Cannon  
  127  8:09  Assimilator  
  127  8:10  Protoss Ground Armor Level 2 (Chrono Boost)  
  127  8:11  Protoss Ground Weapons Level 2 (Chrono Boost), Protoss Shields Level 2 (Chrono Boost)  
  127  8:15  Assimilator  
  127  8:19  Pylon  
  127  8:20  High Templar x3  
  127  8:21  Pylon  
  127  8:23  Pylon  
  127  8:24  Archon  
  133  8:34  Gateway  
  133  8:35  Gateway  
  133  8:37  Gateway  
  133  8:38  Gateway  
  133  8:42  Gateway  
  133  8:50  Gateway  
  133  9:01  Probe  
  134  9:05  Stalker x3  
  134  9:08  Immortal  
  143  9:18  Pylon  
  110  9:34  Stalker  
  110  9:35  Stalker x5  
  87  9:46  Robotics Facility  
  87  9:47  Robotics Facility  
  87  9:51  Immortal (Chrono Boost)  
  86  10:06  Stalker x4  
  86  10:07  Stalker x4  
  102  10:26  Immortal (Chrono Boost)  
  110  10:45  High Templar x5  
  110  10:46  High Templar x3, Immortal x2 (Chrono Boost)  
  110  10:49  Archon x2  
  126  10:50  Archon x2  
  126  10:56  Immortal (Chrono Boost)  
  126  10:57  Protoss Ground Armor Level 3  
  79  11:18  Immortal x2  
  75  11:36  Probe x2 (Chrono Boost)  
  75  11:37  Probe (Chrono Boost)  
  78  11:45  Probe x2 (Chrono Boost)  
  78  11:46  Probe (Chrono Boost)  
  81  11:50  Probe x3 (Chrono Boost)  
  84  12:02  Probe x2 (Chrono Boost)  
  84  12:05  Pylon  
  84  12:06  Probe (Chrono Boost)  
  84  12:08  Pylon  
  87  12:10  Pylon  
  87  12:13  Probe x2 (Chrono Boost), Immortal x2  
  87  12:14  Immortal  
  102  12:17  Probe (Chrono Boost)  
  102  12:18  Probe x2 (Chrono Boost)  
  104  12:36  Nexus  
  104  12:37  Probe x2  
  104  12:38  Probe  
  104  12:39  Pylon  
  104  12:41  Pylon  
  104  12:43  Stalker x2  
  111  12:50  Probe x2 (Chrono Boost)  
  114  12:51  Probe (Chrono Boost)  
  114  13:02  Probe x2 (Chrono Boost)  
  114  13:03  Probe (Chrono Boost)  
  117  13:21  Probe x3  
  117  13:22  Gateway  
  117  13:23  Gateway  
  117  13:25  Gateway  
  117  13:26  Gateway  
  120  13:27  Gateway  
  120  13:29  Observer  
  120  13:30  Protoss Ground Weapons Level 3  
  120  13:31  Gateway  
  120  13:33  Probe x3  
  123  13:42  Assimilator  
  123  13:44  Assimilator  
  123  13:45  Probe x3, Stalker  
  128  13:59  Probe x4  
  132  14:13  Nexus  
  132  14:15  Pylon  
  132  14:18  Pylon  
  132  14:35  Probe x2  
  132  14:36  Probe x2  
  136  14:40  Immortal x3  
  136  14:42  Stalker  
  136  14:43  Stalker x2  
  154  14:47  Probe  
  154  14:48  Probe x2  
  150  15:17  High Templar x5  
  150  15:18  High Templar x7  
  150  15:19  High Templar x2  
  150  15:21  Archon x3  
  154  15:22  Archon x3  
  154  15:23  Archon  
  129  16:04  Immortal x2  
  129  16:05  Immortal  
  129  16:08  High Templar  
  129  16:09  High Templar x5  
  129  16:10  High Templar x4  
  161  16:13  Archon x2  
  161  16:14  Archon x3  
  161  16:22  Probe  
  161  16:23  Probe x2  
  161  16:24  Probe x2  
  166  16:34  Probe  
  166  16:35  Probe  
  166  16:38  Photon Cannon  
  166  16:39  Photon Cannon  
  168  17:03  Photon Cannon  
  168  17:05  Assimilator  
  168  17:07  Photon Cannon  
  168  17:10  Assimilator  
  168  17:11  Nexus  
  168  17:12  Immortal (Chrono Boost)  
  168  17:13  Pylon x2, Immortal (Chrono Boost)  
  180  17:16  Stalker x5  
  180  17:17  Stalker x5  
  180  17:21  Immortal (Chrono Boost)  
  196  18:20  Probe x2  
  196  18:21  Probe  
  196  18:22  Probe x2  
  193  18:28  Photon Cannon  
  193  18:31  Photon Cannon  
  193  18:32  Probe x2  
  193  18:33  Probe  
  193  18:34  Probe, Photon Cannon  
  190  18:41  Observer x2  
  190  18:46  Zealot  
  190  18:47  Zealot x3  
Tags
 
League
Silver
Matchup
PvT
Spawn Locations
Cross Positions
Add a new tag
Caveats
  • Supply blocks, unpowered buildings, or Contaminate may cause inaccurate times.
  • Supply counts are checked every 10 seconds.